 Dungeon Crawl Stone Soup version 0.29.1-12-g30fa7ad0bf (webtiles) character file.

Game seed: 2191502901091610831

14 hawla the Firebug (level 2, -4/20 HPs)
             Began as a Meteoran Fire Elementalist on Jan 13, 2023.
             Slain by Natasha (8 damage)
             ... on level 2 of the Dungeon.
             The game lasted 00:01:16 (143 turns).

hawla the Firebug (Meteoran Fire Elementalist)       Turns: 143, Time: 00:01:16

Health: -4/20      AC:  2    Str:  9    XL:     2   Next: 82%
Magic:  3/6        EV: 12    Int: 16    God:
Gold:   31         SH:  0    Dex: 14    Spells: 5/6 levels left

rFire   + . .      SeeInvis .   c - staff of fire
rCold   . . .      Faith    .   (no shield)
rNeg    . . .      Spirit   .   a - +0 robe
rPois   .          Reflect  .   (no helmet)
rElec   .          Harm     .   (no cloak)
rCorr   .          Rampage  .   (no gloves)
Will    .....                   (no boots)
Stlth   +.........              (no amulet)
HPRegen 0.06/turn               (no ring)
MPRegen 0.10/turn               (no ring)

@: glowing
A: sense surroundings 1, otherworldly, glowing, explore regen
a: no special abilities


You were on level 2 of the Dungeon.
You visited 1 branch of the dungeon, and saw 2 of its levels.

You collected 31 gold pieces.

Inventory:

Armour
 a - a +0 robe (worn)
Magical Staves
 c - a staff of fire (weapon)
Jewellery
 d - a ring of flight
Potions
 b - a potion of magic


   Skills:
 - Level 0.2 Fighting
 + Level 1.0 Staves
 - Level 2.6 Dodging
 - Level 1.4 Stealth
 - Level 2.8 Spellcasting
 - Level 1.2 Conjurations
 - Level 3.8 Fire Magic
 + Level 1.0 Evocations


You had 5 spell levels left.
You knew the following spells:

 Your Spells              Type           Power      Damage    Failure   Level
a - Foxfire               Conj/Fire      60%        2x1d7     7%          1

Your spell library contained the following spells:

 Spells                   Type           Power      Damage    Failure   Level
 Scorch                   Fire           42%        2d7       6%          2
 Conjure Flame            Conj/Fire      15%        6-21      21%         3
 Inner Flame              Hex/Fire       12%        N/A       26%         3
 Flame Wave               Conj/Fire      15%        2d7       54%         4


Dungeon Overview and Level Annotations

Branches:
Dungeon (2/15) Zot: 1056

Altars:

Annotations:
D:2 Natasha


Innate Abilities, Weirdness & Mutations

You passively map a small area around you.
You are easily found by Zot.
You glow in the dark.
You regain HP and MP as you explore.


Message History

Natasha stares at you and mumbles some strange words.
The magic dart hits you!
Ouch! That really hurt!
Natasha claws you.
Casting: Foxfire (safe; 7% risk of failure)
Confirm with . or Enter, or press ? or * to list all spells.
You don't know that spell.
Casting: Foxfire (safe; 7% risk of failure)
Confirm with . or Enter, or press ? or * to list all spells.
You feel a surge of power!
You conjure some foxfire!
Natasha barely misses you.
You barely miss Natasha.
The foxfire hits Natasha.
Natasha is lightly wounded.
The foxfire hits Natasha.
Natasha is heavily wounded.
Natasha claws you but does no damage. Natasha closely misses you.
Casting: Foxfire (safe; 7% risk of failure)
Confirm with . or Enter, or press ? or * to list all spells.
You don't know that spell.
Casting: Foxfire (safe; 7% risk of failure)
Confirm with . or Enter, or press ? or * to list all spells.
You feel a surge of power!
You conjure some foxfire!
Natasha claws you.
* * * LOW HITPOINT WARNING * * *
You closely miss Natasha.
Natasha is heavily wounded.
The foxfire hits Natasha but does no damage.
Natasha is heavily wounded.
The foxfire hits Natasha.
Natasha is severely wounded.
Natasha mumbles some strange words.
Casting: Foxfire (safe; 7% risk of failure)
Confirm with . or Enter, or press ? or * to list all spells.
You feel a surge of power!
You conjure some foxfire!
Natasha misses you.
The foxfire hits the shadow imp but does no damage.
You closely miss Natasha.
Natasha is severely wounded.
The foxfire hits Natasha but does no damage.
Natasha is severely wounded.
Natasha claws you!
You die...

#############
#...........#####
#.#########......
#.# ####### * #.#
###5###### # *
*#.@h.....# ##
#.......####.# *
* #. ........>..
* , ..... *
##.###.#.#...,
####. # #.#=#####
*.... , #....
...#. * , #....
,..... *, , #.
..#, * * ...#. *
, , * #.*.###


You could see Natasha and a shadow imp (summoned).

Vanquished Creatures
  An adder (D:2)
  A worm (D:2)
  A ball python (D:2)
  A bat (D:2)
  A rat (D:2)
5 creatures vanquished.

Vanquished Creatures (others)
  19 foxfires (D:2)
19 creatures vanquished.

Grand Total: 24 creatures vanquished

Notes
Turn   | Place    | Note
-------+----------+-------------------------------------------
     0 | D:1      | hawla the Meteoran Fire Elementalist began the quest for
                  | the Orb.
     0 | D:1      | Reached XP level 1. HP: 14/14 MP: 5/5
    92 | D:2      | Reached XP level 2. HP: 9/20 MP: 0/6
   107 | D:2      | Reached skill level 1 in Staves
   107 | D:2      | Reached skill level 1 in Evocations
   133 | D:2      | Noticed Natasha
   143 | D:2      | Slain by Natasha

Illustrated notes

Levels and vault maps discovered:
D:1:      ncdulo_smallfort, layout_basic, basic_ecumenical_altar,
          chequers_serial_rivers_large_a, minivault_26
D:2:      minmay_diamond_boxcup, layout_loops_ring, uniq_sigmund, uniq_natasha

Skill      XL: |  1  2 |
---------------+-------+-----
Staves         | 1 |  1.0
Evocations     | 1 |  1.0
Fighting       | |  0.2
Dodging        | |  2.6
Stealth        | |  1.4
Spellcasting   | |  2.8
Conjurations   | |  1.2
Fire Magic     | |  3.8

Action                   || total
-------------------------++-------
Melee: Unarmed           ||     1
       Staff             ||     3
 Cast: Foxfire           ||    10
Armor: Robe              ||     2
Dodge: Dodged            ||     9
